 Dungeon Crawl Stone Soup version 0.28-a0-1038-g9c4cb8273d (webtiles) character file.

Game seed: 13395749703245786948

105 Blackjack the Magician (level 4, 0/32 HPs)
             Began as a Gnoll Hedge Wizard on Dec 8, 2021.
             Slain by a gnoll (8 damage)
             ... on level 2 of the Dungeon.
             The game lasted 00:06:31 (2724 turns).

Blackjack the Magician (Gnoll Hedge Wizard)         Turns: 2724, Time: 00:06:32

Health: 0/32       AC:  2    Str:  9    XL:     4   Next: 83%
Magic:  3/13       EV: 13    Int: 16    God:
Gold:   59         SH:  0    Dex: 11    Spells: 16/17 levels left

rFire   + . .      SeeInvis .   m - +0 short sword
rCold   + . .      Faith    .   (no shield)
rNeg    . . .      Spirit   .   b - +0 robe
rPois   .          Reflect  .   c - +0 hat
rElec   .          Harm     .   a - scarf {rC+ rF+}
rCorr   .          Rampage  .   (no gloves)
Will    .....                   (no boots)
Stlth   ++........              (no amulet)
HPRegen 0.10/turn               (no ring)
MPRegen 0.13/turn               (no ring)

@: very slightly contaminated
A: fangs 1, strong nose, distributed training
a: no special abilities


You were on level 2 of the Dungeon.
You visited 1 branch of the dungeon, and saw 2 of its levels.

You collected 59 gold pieces.

Inventory:

Hand Weapons
 m - a +0 short sword (weapon)
Armour
 a - a scarf of resistance (worn)
 b - a +0 robe (worn)
 c - a +0 hat (worn)
 e - a +4 scale mail
Scrolls
 d - a scroll of brand weapon {unknown}
 f - 3 scrolls of identify {unknown}
 g - a scroll of silence {unknown}
 j - a scroll of vulnerability {unknown}
 l - a scroll of enchant armour {unknown}
 n - a scroll of magic mapping {unknown}
 o - a scroll of noise {unknown}
Potions
 h - a potion of attraction {unknown}
 i - 2 potions of curing {unknown}
 k - a potion of berserk rage {unknown}


   Skills:
 + Level 1.2 Fighting
 + Level 1.2 Short Blades
 + Level 1.2 Long Blades
 + Level 1.2 Axes
 + Level 1.2 Maces & Flails
 + Level 1.2 Polearms
 + Level 1.2 Staves
 + Level 1.2 Slings
 + Level 1.2 Bows
 + Level 1.2 Crossbows
 + Level 1.2 Throwing
 + Level 1.2 Armour
 + Level 4.7 Dodging
 + Level 4.3 Stealth
 + Level 1.2 Shields
 + Level 1.2 Unarmed Combat
 + Level 7.2 Spellcasting
 + Level 2.3 Conjurations
 + Level 1.0 Hexes
 + Level 2.3 Summonings
 + Level 1.0 Necromancy
 + Level 2.3 Translocations
 + Level 1.0 Transmutations
 + Level 1.0 Fire Magic
 + Level 1.0 Ice Magic
 + Level 1.0 Air Magic
 + Level 1.0 Earth Magic
 + Level 1.0 Poison Magic
 + Level 1.4 Invocations
 + Level 1.2 Evocations


You had 16 spell levels left.
You knew the following spells:

 Your Spells              Type           Power      Damage    Failure   Level
a - Magic Dart            Conj           52%        1d5       4%          1

Your spell library contained the following spells:

 Spells                   Type           Power      Damage    Failure   Level
 Blink                    Tloc           26%        N/A       7%          2
 Call Imp                 Summ           13%        N/A       7%          2
 Slow                     Hex            36%        N/A       8%          1
 Conjure Flame            Conj/Fire      11%        6-21      19%         3
 Mephitic Cloud           Conj/Pois/Air  10%        N/A       21%         3


Dungeon Overview and Level Annotations

Branches:
Dungeon (2/15)

Altars:
Cheibriados


Innate Abilities, Weirdness & Mutations

You have very sharp teeth.
Your uncanny sense of smell can sniff out nearby items.
Your experience applies equally to all skills.


Message History

The gnoll is almost dead.
The gnoll barely misses you.
Casting: Magic Dart (safe; 4% risk of failure)
Confirm with . or Enter, or press ? or * to list all spells.
Aiming: Magic Dart (safe; 4% risk of failure)
Press: ? - help, Shift-Dir - straight line, f/p - gnoll
Aim: a gnoll, wielding a +0 halberd (almost dead, 100% to hit)
You miscast Magic Dart.
You are very lightly contaminated with residual magic.
Nothing appears to happen.
The gnoll barely misses you.
Casting: Magic Dart (safe; 4% risk of failure)
Confirm with . or Enter, or press ? or * to list all spells.
Aiming: Magic Dart (safe; 4% risk of failure)
Press: ? - help, Shift-Dir - straight line, f/p - gnoll
Aim: a gnoll, wielding a +0 halberd (almost dead, 100% to hit)
You miscast Magic Dart.
Nothing appears to happen.
The gnoll hits you from afar with a +0 halberd!
* * * LOW HITPOINT WARNING * * *
Casting: Magic Dart (safe; 4% risk of failure)
Confirm with . or Enter, or press ? or * to list all spells.
Aiming: Magic Dart (safe; 4% risk of failure)
Press: ? - help, Shift-Dir - straight line, f/p - gnoll
Aim: a gnoll, wielding a +0 halberd (almost dead, 100% to hit)
The magic dart hits the gnoll.
You kill the gnoll!
You are now empty-handed.
m - a +0 short sword (weapon)
Unknown command.
Things that are here:
a +0 whip; a gnoll corpse A gnoll comes into view.
It is wielding a +0 whip.
Things that are here:
a +0 halberd; a gnoll corpse
Things that are here:
a +0 whip; a gnoll corpse A gnoll comes into view.
It is wielding a +0 spear.
You hit the gnoll.
The gnoll is lightly wounded.
The gnoll hits you with a +0 spear!
You die...

#........# #.######## #.# ##
.)# # ###. .# ### .. ...
#.### # ...##..#####... .#
..... ..##.###.#
#..##.#......# .#
#..)g@g......#
.......###(##.._..# ....##
#........# #####.###
######.....# #.......#
#........#.###### ##.###.#.#
#........#)).....#
...###...##.........#..####.#
......##.#..........#..####.#
...##...............#....##.#


You could see 2 gnolls.

Vanquished Creatures
  5 gnolls (D:2)
  2 adders (D:2)
  A dart slug (D:1)
  5 endoplasms
  A giant cockroach (D:1)
  4 goblins
  2 hobgoblins (D:1)
  3 quokkas (D:1)
  6 ball pythons
  4 bats
  2 frilled lizards (D:1)
  2 kobolds (D:1)
  2 rats (D:1)
39 creatures vanquished.

Notes
Turn   | Place    | Note
-------+----------+-------------------------------------------
     0 | D:1      | Blackjack the Gnoll Hedge Wizard began the quest for the
                  | Orb.
     0 | D:1      | Reached XP level 1. HP: 13/13 MP: 8/8
   402 | D:1      | Reached XP level 2. HP: 11/19 MP: 0/10
  1157 | D:1      | Reached XP level 3. HP: 25/25 MP: 8/11
  1916 | D:2      | Reached skill level 1 in Invocations
  2111 | D:2      | Reached skill level 1 in Fighting
  2111 | D:2      | Reached skill level 1 in Short Blades
  2111 | D:2      | Reached skill level 1 in Long Blades
  2111 | D:2      | Reached skill level 1 in Axes
  2111 | D:2      | Reached skill level 1 in Maces & Flails
  2111 | D:2      | Reached skill level 1 in Polearms
  2111 | D:2      | Reached skill level 1 in Staves
  2111 | D:2      | Reached skill level 1 in Slings
  2111 | D:2      | Reached skill level 1 in Bows
  2111 | D:2      | Reached skill level 1 in Crossbows
  2111 | D:2      | Reached skill level 1 in Throwing
  2111 | D:2      | Reached skill level 1 in Armour
  2111 | D:2      | Reached skill level 1 in Shields
  2111 | D:2      | Reached skill level 1 in Unarmed Combat
  2111 | D:2      | Reached skill level 1 in Evocations
  2425 | D:2      | Found a snail-covered altar of Cheibriados.
  2437 | D:2      | Reached XP level 4. HP: 32/32 MP: 5/13
  2711 | D:2      | Reached skill level 1 in Hexes
  2711 | D:2      | Reached skill level 1 in Necromancy
  2711 | D:2      | Reached skill level 1 in Transmutations
  2711 | D:2      | Reached skill level 1 in Fire Magic
  2711 | D:2      | Reached skill level 1 in Ice Magic
  2711 | D:2      | Reached skill level 1 in Air Magic
  2711 | D:2      | Reached skill level 1 in Earth Magic
  2711 | D:2      | Reached skill level 1 in Poison Magic
  2724 | D:2      | Slain by a gnoll

Illustrated notes

Levels and vault maps discovered:
D:1:      dpeg_arrival_renting, layout_basic, minmay_tetromino_l4
D:2:      layout_loops_cross, dilly_ecumenical_altar_fadedgnrine, basic_altar,
          kennysheep_donut

Skill      XL: |  1  2  3  4 |
---------------+-------------+-----
Conjurations   | 2 |  2.3
Summonings     | 2 |  2.3
Translocations | 2 |  2.3
Invocations    | 1 |  1.4
Fighting       | 1 |  1.2
Short Blades   | 1 |  1.2
Long Blades    | 1 |  1.2
Axes           | 1 |  1.2
Maces & Flails | 1 |  1.2
Polearms       | 1 |  1.2
Staves         | 1 |  1.2
Slings         | 1 |  1.2
Bows           | 1 |  1.2
Crossbows      | 1 |  1.2
Throwing       | 1 |  1.2
Armour         | 1 |  1.2
Shields        | 1 |  1.2
Unarmed Combat | 1 |  1.2
Evocations     | 1 |  1.2
Hexes          | 1 |  1.0
Necromancy     | 1 |  1.0
Transmutations | 1 |  1.0
Fire Magic     | 1 |  1.0
Ice Magic      | 1 |  1.0
Air Magic      | 1 |  1.0
Earth Magic    | 1 |  1.0
Poison Magic   | 1 |  1.0
Dodging        | |  4.7
Stealth        | |  4.3
Spellcasting   | |  7.2

Action                   |  1- 3 |  4- 6 || total
-------------------------+-------+-------++-------
Melee: Dagger            |    18 |       ||    18
       Short sword       |       |     4 ||     4
 Cast: Magic Dart        |    94 |    19 ||   113
Armor: Robe              |     6 |       ||     6
Dodge: Dodged            |    27 |    10 ||    37

Table legend: (Time is in decaauts)
 A = Elapsed time spent in this place.
 B = Non-inter-level travel time spent in this place.
 C = Inter-level travel time spent in this place.
 D = Time resting spent in this place.
 E = Time spent auto-exploring this place.
 F = Levels seen in this place.
 G = Mean time per level.
                   A        B        C        D        E       F      G
               +--------+--------+--------+--------+--------+-----+--------+
         Total |   2721 |   2673 |     48 |     85 |   2328 |   2 | 1360.5 |
       Dungeon |   2721 |   2673 |     48 |     85 |   2328 |   2 | 1360.5 |
               +--------+--------+--------+--------+--------+-----+--------+

Top non-repeatable levels by time:
     D:1: 1906 daAuts
     D:2: 814 daAuts
